 Dungeon Crawl Stone Soup version 0.22-a0-223-g0f5d773 (webtiles) character file.

555 KristoblXynda the Slasher (level 7, 0/75 HPs)
             Began as a Demonspawn Gladiator on Feb 18, 2018.
             Succumbed to a scorpion's poison
             ... on level 4 of the Dungeon.
             The game lasted 00:06:38 (3843 turns).

KristoblXynda the Slasher (Demonspawn Gladiator)    Turns: 3843, Time: 00:06:39

Health: 0/75       AC: 23    Str: 15    XL:     7   Next: 8%
Magic:  7/7        EV:  2    Int: 11    God:
Gold:   252        SH:  0    Dex: 14    Spells: 6/6 levels left

rFire    . . .     SeeInvis .   a - +0 long sword
rCold    . . .     Gourm    .   (no shield)
rNeg     + + +     Faith    .   (armour currently unavailable)
rPois    +         Spirit   .   (helmet currently unavailable)
rElec    .         Reflect  .   (cloak currently unavailable)
rCorr    .         Harm     .   (gloves currently unavailable)
MR       .....     NoTele   +   (boots currently unavailable)
Stlth    +.........             (no amulet)
HPRegen  0.22/turn              (no ring)
MPRegen  0.10/turn              (no ring)

@: lethally poisoned (0 -> -6), tree-form, slowed, drained, very slow
A: powered by pain 1
a: no special abilities


You were on level 4 of the Dungeon.
You were not hungry.
You were a tree.
You visited 1 branch of the dungeon, and saw 4 of its levels.

You collected 252 gold pieces.

Inventory:

Hand Weapons
 a - a +0 long sword (weapon)
Missiles
 d - 2 throwing nets (quivered)
 i - 4 javelins
Armour
 c - a +0 helmet (melded)
 l - a +0 ring mail (melded)
Wands
 g - a wand of digging (4)
Scrolls
 e - 2 scrolls of enchant weapon {unknown}
 j - 2 scrolls of magic mapping {unknown}
 k - 6 scrolls of teleportation
 m - 2 scrolls of identify {unknown}
Potions
 b - 3 potions of invisibility
 h - a potion of lignification
 o - a potion of flight {unknown}
Comestibles
 f - 8 rations
 p - a chunk of flesh


   Skills:
 - Level 2.0(1.1) Fighting
 * Level 5.6(4.6) Long Blades
 - Level 2.0(1.1) Throwing
 + Level 2.9(2.0) Armour
 + Level 4.3(3.4) Dodging


You had 6 spell levels left.
You didn't know any spells.

Dungeon Overview and Level Annotations

Branches:
Dungeon (4/15)
 Temple: D:4-7

Altars:
Yredelemnul
The Shining One


Innate Abilities, Weirdness & Mutations

You sometimes gain a little power by taking damage.
((Your movements are significantly less encumbered by armour. (ER -6)))


Message History

You feel better. The scorpion stings you.
* * * LOW HITPOINT WARNING * * *
You are poisoned.
The scorpion poisons you!
The orc wizard gestures at you while chanting.
The magic dart hits you!
* * * LOW HITPOINT WARNING * * *
The scorpion stings you but does no damage.
As you read the scroll labeled REMOH MYPLUANK, it crumbles to dust.
You feel strangely unstable.
It was a scroll of teleportation.
* * * LOW HITPOINT WARNING * * *
You feel sick.
The scorpion stings you but does no damage.
The orc wizard gestures at you while chanting.
The magic dart hits you!
* * * LOW HITPOINT WARNING * * *
It was a potion of lignification.
You turn into a tree.
Your +0 helmet melds into your body.
Your +0 ring mail melds into your body.
Your roots penetrate the ground.
You feel strangely stable.
You die...

#..#######
##..# #..##
##..# #..##
##..# #..##
#.s#
#♣#.s.....
#..#..?....
##.........
#.........
#...o.....
#.........
#.........
#.......


You could see a scorpion and an orc wizard.

Vanquished Creatures
  A water moccasin skeleton (D:4)
  2 orc priests
  Jessica (D:2)
  3 orc wizards
  A bullfrog skeleton (D:4)
  A worker ant (D:4)
  Natasha (thrice) (D:2)
  3 gnolls (D:2)
  8 adders
  An ooze (D:2)
  4 dart slugs
  4 leopard geckos
  11 orcs
  5 giant cockroaches
  14 goblins
  12 hobgoblins
  5 kobolds
  3 quokkas
  2 ball pythons (D:2)
  8 bats
  4 frilled lizards
  A giant cockroach zombie (D:4)
  9 rats
106 creatures vanquished.

Notes
Turn   | Place    | Note
-------+----------+-------------------------------------------
     0 | D:1      | KristoblXynda the Demonspawn Gladiator began the quest for the Orb.
     0 | D:1      | Reached XP level 1. HP: 16/16 MP: 1/1
   166 | D:1      | Reached skill level 3 in Long Blades
   166 | D:1      | Gained mutation: Your movements are slightly less encumbered by armour. (ER -2) [demonic ancestry]
   166 | D:1      | Reached XP level 2. HP: 22/22 MP: 2/2
   760 | D:2      | Gained mutation: Your movements are less encumbered by armour. (ER -4) [demonic ancestry]
   760 | D:2      | Reached XP level 3. HP: 24/27 MP: 3/3
   887 | D:2      | Gained mutation: You sometimes gain a little power by taking damage. [demonic ancestry]
   887 | D:2      | Reached XP level 4. HP: 4/33 MP: 4/4
  1228 | D:2      | Noticed Natasha
  1234 | D:2      | Killed Natasha
  1234 | D:2      | Reached skill level 1 in Armour
  1334 | D:2      | Reached skill level 4 in Long Blades
  1745 | D:2      | Noticed Natasha
  1751 | D:2      | Killed Natasha
  1751 | D:2      | Gained mutation: Your movements are significantly less encumbered by armour. (ER -6) [demonic ancestry]
  1751 | D:2      | Reached XP level 5. HP: 20/38 MP: 5/5
  2089 | D:2      | Noticed Jessica
  2098 | D:2      | Killed Jessica
  2100 | D:2      | Identified Jessica's Collected Works on Evil Rituals
  2146 | D:2      | Noticed Natasha
  2150 | D:2      | Killed Natasha
  2281 | D:3      | Reached XP level 6. HP: 40/44 MP: 6/6
  2361 | D:3      | Reached skill level 5 in Long Blades
  3038 | D:3      | Found a glowing golden altar of the Shining One.
  3349 | D:4      | Found a basalt altar of Yredelemnul.
  3778 | D:4      | Reached XP level 7. HP: 50/50 MP: 7/7
  3842 | D:4      | HP: 1/50 [orc wizard/magic dart (6)]
  3843 | D:4      | Succumbed to a scorpion's poison

Vault maps used:
D:1:      dpeg_arrival_subterranean_lakeside_camping,
          minmay_misc_feat_secret_circle, minmay_misc_feat_doors
D:2:      cheibrodos_greedy_goblins, kennysheep_jessica_study, uniq_natasha
D:3:      first_ration, minivault_19, tso_altar
D:4:      marbit_many_paths, minmay_temple_entry_glassed_door, bloody_makhleb

Skill      XL: |  1  2  3  4  5  6 |
---------------+-------------------+-----
Long Blades    | 3 4 5 |  5.6
Throwing       | 2 |  2.0
Dodging        | 3 4 |  4.3
Armour         | 1 2 |  2.9
Fighting       | |  2.0

Action                   |  1- 3 |  4- 6 |  7- 9 || total
-------------------------+-------+-------+-------++-------
Melee: Long sword        |    87 |   255 |    22 ||   364
Throw: Throwing net      |     1 |       |       ||     1
  Use: Potion            |     1 |     3 |     3 ||     7
       Scroll            |       |       |     1 ||     1
 Stab: Sleeping          |     2 |       |       ||     2
       Invisible         |       |     1 |       ||     1
  Eat: Chunk             |       |     9 |     1 ||    10
Armor: Leather armour    |    22 |       |       ||    22
       Ring mail         |    13 |    96 |     7 ||   116
Dodge: Dodged            |    73 |   228 |    15 ||   316
       Rpst.: Long sword |    27 |    74 |     6 ||   107

Table legend:
 A = Spawn XP
 B = Non-spawn XP
 C = Spawn XP percentage of total XP
 D = Spawn monster count
 E = Non-spawn monster count
 F = Spawn count percentage of total count
 G = Total turns spent on level
                    A         B        C        D         E        F      G
               +---------+---------+-------+---------+---------+-------+---------
         Total |       0 |     793 |   0.0 |       0 |     106 |   0.0 |  3843
               +---------+---------+-------+---------+---------+-------+---------
           D:1 |       0 |      31 |   0.0 |       0 |      19 |   0.0 |   670
           D:2 |       0 |     291 |   0.0 |       0 |      44 |   0.0 |  1551
           D:3 |       0 |     203 |   0.0 |       0 |      27 |   0.0 |   967
           D:4 |       0 |     268 |   0.0 |       0 |      16 |   0.0 |   655
               +---------+---------+-------+---------+---------+-------+---------
